 Dungeon Crawl Stone Soup version 0.15-a0-2036-g5428f20 (webtiles) character file.

3611 Bubba the Thaumaturge (level 10, -2/56 HPs)
             Began as an Octopode Wizard on July 11, 2014.
             Was an Elder of Sif Muna.
             Slain by an unseen horror (9 damage)
             ... on Level 8 of the Dungeon on July 13, 2014.
             The game lasted 01:23:25 (9283 turns).

Bubba the Thaumaturge (Octopode Wizard)             Turns: 9283, Time: 01:23:25

HP  -2/56        AC  1     Str  7      XL: 10   Next: 11%
MP  21/37        EV 12     Int 24      God: Sif Muna [****..]
Gold 422         SH  0     Dex  8      Spells:  4 memorised, 19 levels left

rFire  . . .     SeeInvis .     j - +3 whip (venom)
rCold  . . .     Clarity  .     (no shield)
rNeg   . . .     rCorr    .     b - +0 hat
rPois  .         rRot     .     h - amulet of faith
rElec  .         Spirit   .     o - ring of magical power
SustAb .         Warding  .     C - ring of wizardry
rMut   .         Stasis   .     (no ring)
Gourm  .                        (no ring)
MR     .....                    (no ring)
                                (no ring)
                                (no ring)
                                (no ring)

@: not resistant to hostile enchantments, fairly stealthy
A: almost no armour, amphibious, 8 rings, constrict 8, camouflage 1, clumsy 1,
gelatinous body 1
a: Channel Energy, Forget Spell, Renounce Religion


You were on level 8 of the Dungeon.
You worshipped Sif Muna.
Sif Muna was greatly pleased with you.
You were not hungry.

You visited 2 branches of the dungeon, and saw 9 of its levels.

You collected 422 gold pieces.

Inventory:

Hand weapons
 j - a +3 whip of venom (weapon)
 z - a +1 whip of electrocution
Missiles
 n - 3 tomahawks (quivered)
 B - 4 javelins
 D - 4 curare-tipped needles
Armour
 b - a +0 hat (worn)
Magical devices
 l - a wand of frost (6)
Comestibles
 d - 7 bread rations
 g - a royal jelly
 v - a beef jerky
Scrolls
 e - a scroll of recharging
 m - a scroll of amnesia
 q - 4 scrolls of identify
 y - 2 scrolls of enchant weapon
 A - 3 scrolls of remove curse
Jewellery
 h - an amulet of faith (around mantle)
 o - a ring of magical power (left tentacle)
 w - an uncursed ring of ice
 C - a ring of wizardry (right tentacle)
Potions
 a - a potion of magic
 f - a potion of porridge
 i - 3 potions of brilliance
 k - 2 potions of heal wounds
 p - a potion of restore abilities
 r - 4 potions of agility
 s - a potion of might {unknown}
 t - a potion of degeneration {unknown}
 u - 3 potions of curing
Books
 c - a book of Minor Magic

   Spells                             Type                      Level
   *Magic Dart                        Conjuration                  1
   *Blink                             Translocation                2
   Call Imp                           Summoning                    2
   Repel Missiles                     Charms/Air                   2
   Slow                               Hexes                        2
   *Conjure Flame                     Conjuration/Fire             3
   *Mephitic Cloud                    Conjuration/Poison/Air       3
 x - a book of Control

   Spells                             Type                      Level
   Control Teleport                   Charms/Translocation         4
   Control Undead                     Necromancy                   4
   Enslavement                        Hexes                        4
   Metabolic Englaciation             Hexes/Ice                    5
   Mass Confusion                     Hexes                        6


   Skills:
 - Level 1.2 Maces & Flails
 - Level 2.0 Dodging
 - Level 2.8 Stealth
 + Level 9.9 Spellcasting
 + Level 8.5 Conjurations
   Level 1.0 Summonings
 + Level 2.3 Translocations
 + Level 1.8 Fire Magic
 + Level 2.0 Air Magic
 + Level 1.6 Poison Magic
 + Level 1.3 Invocations


You had 19 spell levels left.
You knew the following spells:

 Your Spells              Type           Power        Failure   Level  Hunger
a - Magic Dart            Conj           ####         1%          1    None
b - Blink                 Tloc           N/A          1%          2    None
c - Mephitic Cloud        Conj/Pois/Air  ####....     1%          3    None
d - Conjure Flame         Conj/Fire      #####...     1%          3    None


Dungeon Overview and Level Annotations

Branches:
Dungeon (8/15)             Temple (1/1) D:5
   Lair: D:8-11

Altars:
Ashenzari
Cheibriados
Dithmenos
Elyvilon
Fedhas
Gozag
Kikubaaqudgha
Makhleb
Nemelex Xobeh
Okawaru
Qazlal
Sif Muna
Trog
Vehumet
Xom
Yredelemnul
Zin
The Shining One

Shops:
D:7 [((


Innate Abilities, Weirdness & Mutations

You cannot wear most types of armour.
You are amphibious.
You can wear up to eight rings at the same time.
You can use your tentacles to constrict many enemies at once.
Your skin changes colour to match your surroundings (Stealth).
Your rubbery body absorbs attacks (AC +1).
You are clumsy. (Dex -2)


Message History

Casting: Magic Dart
Confirm with . or Enter, or press ? or * to list all spells.
Aiming: Magic Dart
Press: ? - help, Shift-Dir - straight line, f/p - centaur
Aim: a centaur, wielding a shortbow (moderately wounded, bewildered and confused)
The magic dart hits the centaur.
The centaur is heavily wounded.
Something hits you! Something hits you.
* * * LOW HITPOINT WARNING * * *
Casting: Magic Dart
Confirm with . or Enter, or press ? or * to list all spells.
You blink.
The centaur unwields an uncursed shortbow.
The centaur hits itself!
Something hits you.
* * * LOW HITPOINT WARNING * * *
Something hits you!
* * * LOW HITPOINT WARNING * * *
Something hits you!
You die...

,***,*.###,#.###.#.###...# ,,
,,#.....#p....#.......# ,,*,,
,,#.....#.........##
*,*.###,#.###.#.###.....#
,,#.)$..#.....#.........#########
,,,,,#.....#..)......##.......[[[
,***,#$###.#.###.....##.#########
,,,,,#.....#.....................
,,#.....#.......@...###.#########
*,#.###.#.###.....#.# #.#
,,#.....#(.......##.# #.#########
,.....c..c....#####.# #.........#
,.......).%..## #.###.#.#####.#
,...........#######.##....# #.#
.......#.#.(()(..B.%...#..# #.#
.!.....#.#.#######.###....# #.#
....##*#.#.# #.# ##.#.#####.#


You could see a centaur (confused).

Vanquished Creatures
  Pikel (D:8)
  A two-headed ogre (D:8)
  Grinder (D:3)
  A hippogriff (D:7)
  Eustachio (D:6)
  2 water moccasins (D:8)
  An orc warrior (D:6)
  A black bear (D:8)
  3 ice beasts (D:6)
  A slave (D:8)
  3 ogres
  A giant frog (D:8)
  Sigmund (D:6)
  3 centaurs
  The ghost of 1337dr4g0n the Ruinous, an average DEIE of Cheibriados (D:4)
  A scorpion (D:6)
  4 goliath beetles
  4 crimson imps
  A centaur skeleton (D:4)
  3 orc priests
  A giant frog zombie (D:5)
  3 hounds
  3 orc wizards
  6 worker ants
  Jessica (D:2)
  A hound zombie (D:8)
  2 hound skeletons
  7 gnolls
  11 adders
  2 shadow imps (D:8)
  6 worms
  5 giant geckos
  An ooze (D:5)
  15 orcs
  2 ball pythons
  15 bats
  4 giant cockroaches
  15 hobgoblins
  13 jackals
  2 quokkas
  A giant gecko zombie (D:5)
  3 giant newts
  13 goblins
  A hobgoblin skeleton (D:7)
  A jackal skeleton (D:4)
  A jackal zombie (D:5)
  11 kobolds
  A kobold skeleton (D:4)
  10 rats
  A rat skeleton (D:8)
193 creatures vanquished.

Vanquished Creatures (others)
  A slave (D:8)
  A worker ant (D:8)
2 creatures vanquished.

Grand Total: 195 creatures vanquished

Notes
Turn   | Place    | Note
--------------------------------------------------------------
     0 | D:1      | Bubba, the Octopode Wizard, began the quest for the Orb.
     0 | D:1      | Reached XP level 1. HP: 11/11 MP: 4/4
   322 | D:1      | Reached XP level 2. HP: 17/17 MP: 3/6
   909 | D:2      | Reached XP level 3. HP: 18/21 MP: 1/8
   974 | D:2      | Reached skill level 4 in Spellcasting
  1126 | D:2      | Reached XP level 4. HP: 20/27 MP: 8/11
  1130 | D:2      | Learned a level 2 spell: Blink
  1732 | D:2      | Noticed Jessica
  1738 | D:2      | Killed Jessica
  1819 | D:2      | Reached XP level 5. HP: 31/31 MP: 8/14
  2222 | D:3      | Reached skill level 5 in Spellcasting
  2590 | D:3      | Noticed Grinder
  2599 | D:3      | Paralysed by Grinder for 3 turns
  2613 | D:3      | Killed Grinder
  2613 | D:3      | Reached skill level 1 in Maces & Flails
  2613 | D:3      | Reached XP level 6. HP: 22/36 MP: 4/18
  3046 | D:4      | Reached XP level 7. HP: 41/41 MP: 14/19
  3052 | D:4      | Reached skill level 6 in Spellcasting
  3186 | D:5      | Entered Level 5 of the Dungeon
  4127 | D:4      | Noticed 1337dr4g0n's ghost (average DEIE)
  4132 | D:4      | HP: 2/41 [1337dr4g0n's ghost/shard of ice (25)]
  4136 | D:4      | Killed 1337dr4g0n's ghost
  4136 | D:4      | Reached skill level 5 in Conjurations
  4451 | D:5      | Found a staircase to the Ecumenical Temple.
  4463 | Temple   | Entered the Ecumenical Temple
  4656 | Temple   | Became a worshipper of Sif Muna the Loreminder
  4696 | D:5      | Learned a level 3 spell: Mephitic Cloud
  4741 | D:5      | Reached XP level 8. HP: 44/46 MP: 19/22
  4922 | D:5      | Found an opulent altar of Gozag.
  4926 | D:5      | Found an iron altar of Okawaru.
  4927 | D:5      | Found a bloodstained altar of Trog.
  4929 | D:5      | Found a shadowy altar of Dithmenos.
  5154 | D:5      | Upgraded the game from 0.15-a0-1995-g7e6aeab to 0.15-a0-2036-g5428f20
  5182 | D:5      | Reached skill level 7 in Spellcasting
  5762 | D:6      | Noticed Sigmund
  5777 | D:6      | Killed Sigmund
  5866 | Temple   | Gained mutation: Your system is resistant to poisons. [potion of mutation]
  5866 | Temple   | Lost mutation: Your system is resistant to poisons. [potion of mutation]
  5866 | Temple   | Gained mutation: You are clumsy. (Dex -2) [potion of mutation]
  5893 | Temple   | Learned a level 3 spell: Conjure Flame
  6171 | D:6      | Noticed Eustachio
  6182 | D:6      | Acquired Sif Muna's first power
  6207 | D:6      | Killed Eustachio
  6378 | D:6      | Reached skill level 1 in Air Magic
  6384 | D:6      | Found a snail-covered altar of Cheibriados.
  6395 | D:6      | Found a blossoming altar of Fedhas.
  6405 | D:6      | Found a white marble altar of Elyvilon.
  6870 | D:6      | Reached skill level 8 in Spellcasting
  6938 | D:6      | Found a burning altar of Makhleb.
  6989 | D:6      | Reached skill level 1 in Poison Magic
  6989 | D:6      | Reached XP level 9. HP: 47/51 MP: 25/25
  7019 | D:6      | Acquired Sif Muna's second power
  7760 | D:7      | Reached skill level 1 in Fire Magic
  8192 | D:7      | Found Peigis' Weapon Boutique.
  8193 | D:7      | Found Mneira's Weapon Boutique.
  8214 | D:7      | Found Soss' Antique Armour Shoppe.
  8713 | D:8      | Reached skill level 9 in Spellcasting
  9139 | D:8      | Noticed Pikel
  9174 | D:8      | Killed Pikel
  9174 | D:8      | Acquired Sif Muna's third power
  9174 | D:8      | Reached skill level 1 in Invocations
  9174 | D:8      | Reached XP level 10. HP: 56/56 MP: 3/28
  9283 | D:8      | Slain by an unseen horror

Action                   |  1- 3 |  4- 6 |  7- 9 | 10-12 || total
-------------------------+-------+-------+-------+-------++-------
Melee: Unarmed           |    12 |       |       |       ||    12
       Whip              |    27 |    36 |    36 |       ||    99
Throw: Tomahawk          |     6 |       |    12 |       ||    18
       Javelin           |       |       |    14 |       ||    14
 Cast: Magic Dart        |    57 |   120 |   536 |     5 ||   718
       Mephitic Cloud    |       |       |    21 |     1 ||    22
       Conjure Flame     |       |       |    17 |       ||    17
       Blink             |       |       |     8 |     1 ||     9
Invok: Channel Energy    |       |       |     2 |       ||     2
Evoke: Wand              |       |       |     2 |       ||     2
  Use: Scroll            |     2 |       |    10 |       ||    12
       Potion            |     5 |       |     8 |       ||    13
  Eat: Chunk             |     1 |     3 |     4 |     1 ||     9
       Pizza             |       |     1 |       |       ||     1
       Fruit             |       |     5 |       |       ||     5
       Bread ration      |       |       |     1 |       ||     1
       Meat ration       |       |       |     1 |       ||     1
       Beef jerky        |       |       |     1 |       ||     1
